 Dungeon Crawl Stone Soup version 0.26.0-10-g1f06aea511 (webtiles) character file.

Game seed: 4936002433475682352

8700 Borgoz the Carver (level 11, -7/95 HPs)
             Began as a Ghoul Gladiator on Jan 18, 2021.
             Was a High Priest of Okawaru.
             Mangled by a manticore (14 damage)
             ... on level 10 of the Dungeon.
             The game lasted 00:12:27 (10592 turns).

Borgoz the Carver (Ghoul Gladiator)                Turns: 10592, Time: 00:12:28

Health: -7/95      AC: 18    Str: 19    XL:     11   Next: 35%
Magic:  0/13       EV: 15    Int:  3    God:    Okawaru [*****.]
Gold:   2670       SH:  0    Dex: 13    Spells: 10/10 levels left

rFire    + . .     SeeInvis +   j - +1 falchion (drain)
rCold    + . .     Faith    .   (no shield)
rNeg     + + +     Spirit   +   b - +3 ring mail {rF+}
rPois    ∞         Reflect  .   c - +0 helmet
rElec    .         Harm     .   i - +0 cloak
rCorr    +         Rampage  .   w - +1 pair of gloves
Will     .....                  o - +2 pair of boots {run}
Stlth    +.........             y - amulet of guardian spirit
HPRegen  0.00/turn              n - ring of resist corrosion
MPRegen  0.13/turn              g - ring of see invisible

@: mighty, flying, studying Long Blades, quick
A: claws 1, cold resistance 1, negative energy resistance 3, inhibited
regeneration, torment resistance, unbreathing
a: Renounce Religion, Heroism, Finesse


You were on level 10 of the Dungeon.
You worshipped Okawaru.
Okawaru was extremely pleased with you.
You visited 2 branches of the dungeon, and saw 11 of its levels.
You also visited: Bailey.

You collected 2670 gold pieces.

Inventory:

Hand Weapons
 a - a +0 long sword
 j - a +1 falchion of draining (weapon)
Missiles
 d - 4 throwing nets (quivered)
Armour
 b - a +3 ring mail of fire resistance (worn)
 c - a +0 helmet (worn)
 i - a +0 cloak (worn)
 o - a +2 pair of boots of running (worn)
 w - a +1 pair of gloves (worn)
Jewellery
 e - an uncursed amulet of the acrobat
 g - a ring of see invisible (right hand)
 m - an uncursed ring of protection from cold
 n - a ring of resist corrosion (left hand)
 y - an amulet of guardian spirit (around neck)
Wands
 z - a wand of iceblast (3)
Scrolls
 k - 2 scrolls of magic mapping
 p - 2 scrolls of enchant armour
 x - 3 scrolls of remove curse
Potions
 h - 2 potions of might
 l - a potion of lignification {unknown}
 q - a potion of brilliance
 r - a potion of curing
 t - 2 potions of attraction {unknown}
 u - a potion of degeneration {unknown}
 v - a potion of flight
Books
 f - a manual of Long Blades


   Skills:
 + Level 8.3 Fighting
 + Level 9.9 Long Blades
 - Level 1.7 Throwing
 * Level 9.5 Armour
 + Level 7.3 Dodging
 + Level 4.9 Invocations


You had 10 spell levels left.
You didn't know any spells.
Your spell library was empty.

Dungeon Overview and Level Annotations

Branches:
Dungeon (10/15)            Temple (1/1) D:5            Lair (0/6) D:9
    Orc (0/2) D:10         Bailey (visited)

Altars:
Ashenzari
Cheibriados
Dithmenos
Elyvilon
Fedhas
Gozag
Hepliaklqana
Kikubaaqudgha
Makhleb
Nemelex Xobeh
Okawaru
Qazlal
Ru
Sif Muna
Trog
Uskayaw
Vehumet
Wu Jian
Xom
Yredelemnul
Zin
The Shining One
Lugonu

Shops:
D:8 }

Annotations:
D:7 2 transporters


Innate Abilities, Weirdness & Mutations

You thrive by killing the living.
You are immune to poison.
You have sharp fingernails.
Your flesh is cold resistant. (rC+)
You are immune to negative energy. (rN+++)
You do not regenerate when monsters are visible.
You are immune to unholy pain and torment.
You can survive without breathing.


Message History

The manticore claws you but does no damage.
The manticore claws you!
* * * LOW HITPOINT WARNING * * *
You hit the manticore. You drain the manticore.
The manticore is moderately wounded.
The manticore closely misses you. The manticore claws you.
* * * LOW HITPOINT WARNING * * *
The manticore claws you!
* * * LOW HITPOINT WARNING * * *
You slash the manticore!
The manticore is heavily wounded.
The manticore bites you!
* * * LOW HITPOINT WARNING * * *
The manticore claws you but does no damage.
The manticore claws you.
* * * LOW HITPOINT WARNING * * *
It was a potion of flight.
You feel very buoyant.
You fly up into the air.
The manticore bites you!
You die...

......[# #.......
.......############
###.......
...............[..##
##.<.......
>.......####...##..##
#..#....... ........#
###......###.##.......
........#
###........##.......
.)..)...#
#.###.......########
#######.# #H#####......#####
..# #.# #.@)('###........##
#...###.#
#.####).###....#..# #.....#
#.####'...####...#.# ####..#
####..#..#..####...# ## #..#
###.##.#..#..#..###.# .#
#..# ###..#.#.#.#..#..#..'.#
.#
#..###....###.#.#..#..####.#
.# #..#..........##..#..##
+.# .#
#..###....###.##..#### #.#


You could see a manticore (drained).

Vanquished Creatures
  2 two-headed ogres
  A skeletal warrior (D:10)
  A deep elf mage (D:10)
  An ugly thing (D:10)
  A cyclops (D:10)
  Maggie (D:10)
  A tengu conjurer (D:10)
  A hornet (D:8)
  A slime creature (D:10)
  Sigmund (D:5)
  A hog (shapeshifter) (D:10)
  Menkaure (D:5)
  An acid dragon (D:10)
  Duvessa (D:5)
  6 orc warriors
  2 black bears
  A phantom (D:3)
  7 ogres
  7 centaurs
  6 bullfrogs
  Dowan (D:5)
  2 scorpions
  6 killer bees (D:7)
  2 wights (D:10)
  A howler monkey (D:4)
  2 bullfrog zombies
  6 orc priests
  3 jellies
  Crazy Yiuf (D:2)
  4 hounds
  2 bullfrog skeletons (D:8)
  Jessica (D:2)
  3 iguanas
  7 orc wizards
  5 worker ants
  2 worker ant zombies (D:6)
  4 gnolls
  6 adders
  A howler monkey skeleton (D:10)
  3 shadow imps
  4 white imps
  An ufetubus (D:5)
  An adder skeleton (D:6)
  A worm (D:2)
  2 dart slugs
  4 leopard geckos
  23 orcs
  4 giant cockroaches
  13 goblins
  18 hobgoblins
  5 jackals
  22 kobolds
  3 quokkas
  2 ball pythons
  8 bats
  7 frilled lizards
  A leopard gecko skeleton (D:7)
  11 rats
  A spectral orc (D:2)
237 creatures vanquished.

Notes
Turn   | Place    | Note
-------+----------+-------------------------------------------
     0 | D:1      | Borgoz the Ghoul Gladiator began the quest for the Orb.
     0 | D:1      | Reached XP level 1. HP: 17/17 MP: 0/0
    53 | D:1      | Reached XP level 2. HP: 3/25 MP: 1/1
   468 | D:1      | Reached skill level 1 in Armour
   627 | D:1      | Reached XP level 3. HP: 30/30 MP: 2/2
  1533 | D:2      | Reached XP level 4. HP: 32/37 MP: 3/3
  1604 | D:2      | Noticed Jessica
  1621 | D:2      | Killed Jessica
  1833 | D:2      | Found a snail-covered altar of Cheibriados.
  1947 | D:2      | Found a hazy altar of Hepliaklqana.
  1948 | D:2      | Found a shimmering altar of Xom.
  1949 | D:2      | Noticed a spectral ugly thing
  1985 | D:2      | Found a basalt altar of Yredelemnul.
  2031 | D:2      | Found a runed translucent door.
  2032 | D:2      | Noticed Crazy Yiuf
  2045 | D:2      | Killed Crazy Yiuf
  2046 | D:2      | Reached XP level 5. HP: 14/45 MP: 4/4
  2924 | D:3      | Reached XP level 6. HP: 45/51 MP: 5/5
  3174 | D:3      | Found an ornate altar of the Wu Jian Council.
  3233 | D:3      | Found a faded altar of an unknown god.
  3529 | D:3      | Identified a +1 pair of boots of running (You found it on
                  | level 3 of the Dungeon)
  3596 | D:4      | Noticed a phantom
  3858 | D:3      | Killed a phantom
  3941 | D:4      | Reached XP level 7. HP: 52/58 MP: 6/6
  3971 | D:4      | Reached skill level 5 in Long Blades
  4552 | D:4      | Reached XP level 8. HP: 66/67 MP: 7/7
  4812 | D:5      | Entered Level 5 of the Dungeon
  4812 | D:5      | Noticed Menkaure
  4813 | D:5      | Noticed Sigmund
  4980 | D:5      | Found a staircase to the Ecumenical Temple.
  4995 | Temple   | Entered the Ecumenical Temple
  5066 | Temple   | Became a worshipper of Warmaster Okawaru
  5121 | D:5      | Reached skill level 5 in Armour
  5142 | D:5      | Reached skill level 5 in Fighting
  5265 | D:5      | Found a bloodstained altar of Trog.
  5288 | D:5      | Killed Sigmund
  5382 | D:5      | Noticed Duvessa
  5384 | D:5      | Noticed Dowan
  5391 | D:5      | Killed Duvessa
  5391 | D:5      | Reached * piety under Okawaru
  5399 | D:5      | Killed Dowan
  5424 | D:5      | Killed Menkaure
  5425 | D:5      | Reached skill level 5 in Dodging
  5425 | D:5      | Reached XP level 9. HP: 66/74 MP: 8/8
  6116 | D:6      | Reached ** piety under Okawaru
  6814 | D:6      | Found a glowing golden altar of the Shining One.
  6973 | D:6      | Found a radiant altar of Vehumet.
  7086 | D:7      | Found a flagged portal.
  7157 | Bailey   | Entered a bailey
  7245 | Bailey   | Reached skill level 1 in Invocations
  7245 | Bailey   | Reached *** piety under Okawaru
  7484 | D:7      | Reached XP level 10. HP: 64/84 MP: 10/10
  8228 | D:7      | Noticed a purple ugly thing
  8230 | D:7      | Found a transporter.
  8231 | D:7      | Found a corrupted altar of Lugonu.
  8231 | D:7      | Noticed a green ugly thing
  8380 | D:7      | Found a transporter.
  8861 | D:8      | Found Jitamaloen's Gadget Emporium.
  8884 | D:8      | Noticed a two-headed ogre
  8892 | D:8      | Killed a two-headed ogre
  8892 | D:8      | Reached **** piety under Okawaru
  9117 | D:8      | Found a sacrificial altar of Ru.
  9456 | D:9      | Noticed a two-headed ogre
  9466 | D:9      | Killed a two-headed ogre
  9764 | D:9      | Found a staircase to the Lair.
  9921 | D:9      | Found a shadowy altar of Dithmenos.
 10048 | D:10     | Entered Level 10 of the Dungeon
 10048 | D:10     | Found a staircase to the Orcish Mines.
 10048 | D:10     | Noticed Maggie
 10101 | D:10     | Killed Maggie
 10321 | D:10     | Noticed a deep elf mage
 10400 | D:10     | Killed a deep elf mage
 10400 | D:10     | Reached ***** piety under Okawaru
 10401 | D:10     | Reached XP level 11. HP: 65/94 MP: 9/13
 10526 | D:10     | Noticed a cyclops
 10526 | D:10     | Noticed a skeletal warrior
 10528 | D:10     | Noticed a green ugly thing
 10549 | D:10     | Identified the cursed ring "Coisyrchequo" {rF+ rC+ EV-4}
 10552 | D:10     | Killed a skeletal warrior
 10559 | D:10     | Killed a green ugly thing
 10559 | D:10     | Received a gift from Okawaru
 10568 | D:10     | Identified the ring "Baodghoc" {rCorr Int+2}
 10574 | D:10     | Killed a cyclops
 10586 | D:10     | Noticed a manticore
 10592 | D:10     | Mangled by a manticore

Illustrated notes

Levels and vault maps discovered:
D:1:      dpeg_arrival_another_circle, layout_loops_cross, roderic_lattice_a,
          hex_medium, st_stairs_10, minmay_octomino_j4
D:2:      layout_rooms, regret_index_temple_of_mockery,
          yredelemnul_forgotten_temple_becter, lemuel_coloured_pillars_altar,
          uniq_crazy_yiuf_cottage, uniq_jessica
D:3:      layout_basic, nzn_wu_jian_council_hall,
          chequers_ecumenical_altar_simple_redux
D:4:      layout_basic, minmay_manual_mares
D:5:      layout_loops_ring, bloody_trog, minmay_temple_entry_slanted,
          uniq_menkaure, uniq_duvessa, uniq_sigmund
D:6:      layout_cave_pods, kennysheep_mini_moat, nicolae_tso_swordbearing_angel
D:7:      gammafunk_corrupted_shrine, layout_basic, enter_bailey_5,
          small_statue_intersection
D:8:      layout_basic, nicolae_ru_sacrificial_ziggurat, serial_shops,
          kennysheep_mini, corner_web_ring
D:9:      layout_basic, nicolae_overflow_crystal_walls, lair_entry_dummy,
          kennysheep_small_circle
D:10:     minmay_the_grid_triangle_9x9_rhombus_thin
          [minmay_the_grid_triangle_9x9_warning,
          minmay_the_grid_triangle_9x9_prize_special,
          minmay_the_grid_triangle_9x9_sparse_checkered,
          minmay_the_grid_triangle_9x9_odd_lines], layout_rooms, orc_0_dummy,
          onia_ninara_dug_in_and_dangerous, uniq_maggie
Temple:   cyrus_circular_temple

Skill      XL: |  1  2  3  4  5  6  7  8  9 10 |
---------------+-------------------------------+-----
Armour         | 1 2 3 4 5 7 9 |  9.5
Long Blades    | 3 4 5 6 8 9 |  9.9
Dodging        | 3 4 5 6 7 |  7.3
Fighting       | 3 4 5 6 8 |  8.3
Invocations    | 1 4 |  4.9
Throwing       | |  1.7

Action                   |  1- 3 |  4- 6 |  7- 9 | 10-12 || total
-------------------------+-------+-------+-------+-------++-------
Melee: Long sword        |   105 |    57 |       |       ||   162
       Falchion          |       |    76 |   403 |   296 ||   775
Throw: Throwing net      |     1 |       |       |       ||     1
Invok: Heroism           |       |       |     1 |       ||     1
Evoke: Wand              |       |       |    25 |       ||    25
  Use: Scroll            |       |     2 |     6 |     4 ||    12
       Potion            |       |     1 |     3 |     2 ||     6
 Stab: Sleeping          |     1 |     1 |     4 |       ||     6
Armor: Leather armour    |    53 |    16 |       |       ||    69
       Ring mail         |       |    30 |   141 |   100 ||   271
Dodge: Dodged            |    92 |   128 |   344 |   224 ||   788
       Rpst.: Long sword |    29 |    12 |       |       ||    41
       Falchion          |       |    19 |    92 |    60 ||   171
